 Dungeon Crawl Stone Soup version 0.28.0-49-g6dfe1f597d (webtiles) character file.

Game seed: 135268343708870677

80 Zeld the Ogre Mage (level 4, -4/42 HPs)
             Began as an Ogre Transmuter on May 19, 2022.
             Killed from afar by an orc wizard (6 damage)
             ... with a puff of flame
             ... on level 3 of the Dungeon.
             The game lasted 00:02:05 (3481 turns).

Zeld the Ogre Mage (Ogre Transmuter)                Turns: 3481, Time: 00:02:06

Health: -4/42      AC:  3    Str: 16    XL:     4   Next: 39%
Magic:  9/9        EV: 10    Int: 14    God:
Gold:   138        SH:  0    Dex:  9    Spells: 3/9 levels left

rFire   . . .      SeeInvis .   h - +1 short sword (venom)
rCold   . . .      Faith    .   (no shield)
rNeg    . . .      Spirit   .   a - +0 robe
rPois   .          Reflect  .   (helmet restricted)
rElec   .          Harm     .   (no cloak)
rCorr   .          Rampage  .   (gloves unavailable)
Will    .....                   (boots unavailable)
Stlth   +.........              (no amulet)
HPRegen 0.14/turn               (no ring)
MPRegen 0.11/turn               (no ring)

@: no status effects
A: large, unfitting armour, tough skin 1
a: no special abilities


You were on level 3 of the Dungeon.
You visited 1 branch of the dungeon, and saw 4 of its levels.

You collected 138 gold pieces.

Inventory:

Hand Weapons
 h - a +1 short sword of venom (weapon)
Armour
 a - a +0 robe (worn)
Scrolls
 c - a scroll of identify {unknown}
 e - a scroll of fear {unknown}
 g - a scroll of blinking {unknown}
 i - a scroll of teleportation {unknown}
Potions
 b - a potion of haste {unknown}
 d - a potion of flight {unknown}
 f - a potion of might {unknown}
 j - a potion of mutation {unknown}
 k - a potion of curing {unknown}


   Skills:
 + Level 2.3 Fighting
 + Level 2.2 Dodging
 - Level 2.6 Unarmed Combat
 * Level 3.3 Spellcasting
 * Level 2.8 Transmutations
 + Level 0.6 Poison Magic


You had 3 spell levels left.
You knew the following spells:

 Your Spells              Type           Power      Damage    Failure   Level
a - Beastly Appendage     Tmut           20%        N/A       6%          1
b - Wereblood             Tmut           10%        N/A       10%         2
c - Spider Form           Tmut/Pois      7%         N/A       30%         3

Your spell library contained the following spells:

 Spells                   Type           Power      Damage    Failure   Level
 Ice Form                 Ice/Tmut       6%         N/A       75%         4


Dungeon Overview and Level Annotations

Branches:
Dungeon (4/15)
 Temple: D:4-7

Altars:


Innate Abilities, Weirdness & Mutations

You are too large for most types of armour.
You have tough skin. (AC +1)


Message History

An orc wizard comes into view.
It is wielding a +0 dagger and wearing a +1 robe of positive energy.
The orc wizard casts a spell.
The orc wizard flickers and vanishes!
There is a stone staircase leading up here.
You hear some strange, mumbled words.
Something tries to affect you, but you resist.
You climb upwards.
Reactivating autopickup.
There is a stone staircase leading down here.
No target in view!
You climb downwards.
The orc hits you with a +0 flail! Something hits you.
Deactivating autopickup; reactivate with Ctrl-A.
The orc closely misses you. The kobold hits you with a +0 dagger.
There is a stone staircase leading up, spattered with blood here.
Something hits you. The orc closely misses you. The kobold closely misses you.
You climb upwards.
Reactivating autopickup.
There is a stone staircase leading down here.
Deactivating autopickup; reactivate with Ctrl-A.
You hit something but do no damage.
You hear some strange, mumbled words.
A puff of flame appears from out of thin air!
The puff of flame hits you. The orc hits you with a +0 flail.
The kobold hits you with a +0 dagger.
You hit the orc but do no damage.
The orc is poisoned.
Something hits you.
* * * LOW HITPOINT WARNING * * *
The orc hits you with a +0 flail.
* * * LOW HITPOINT WARNING * * *
The kobold hits you with a +0 dagger.
* * * LOW HITPOINT WARNING * * *
Unknown command.
The kobold hits you with a +0 dagger.
* * * LOW HITPOINT WARNING * * *
The kobold throws a stone.
The stone hits you but does no damage.
The kobold throws a stone.
The stone hits you but does no damage.
There is an escape hatch in the ceiling here.
You hear some strange, mumbled words.
A puff of flame appears from out of thin air!
The puff of flame hits you.
You die...

###..>.........###....# #.
##########.........#........# #.
..#.....##..................#####
.........#.........#####......##
...................# ###.....##
.............K.....## #.......
†.........)...o{....## #.#.#...
..............#.#.#..# #.......
................@.##.######.....#
...............#..........#..##.#
..#............#.##..####...###.#
########.#####...###...###....#..
#..##.....................
##..#.........###.##..##..
##............[.......##.
##....(.)............#..
#......................


You could see an orc (poisoned) and a kobold.

Vanquished Creatures
  Terence (D:2)
  A howler monkey skeleton (D:3)
  2 worms (D:3)
  3 dart slugs (D:3)
  3 endoplasms
  2 giant cockroaches
  3 goblins
  4 hobgoblins
  A quokka (D:2)
  3 ball pythons
  2 bats (D:2)
  A frilled lizard (D:1)
  3 kobolds
  4 rats
33 creatures vanquished.

Notes
Turn   | Place    | Note
-------+----------+-------------------------------------------
     0 | D:1      | Zeld the Ogre Transmuter began the quest for the Orb.
     0 | D:1      | Reached XP level 1. HP: 19/19 MP: 3/3
   494 | D:1      | Reached XP level 2. HP: 27/27 MP: 3/5
  1203 | D:2      | Noticed Terence
  1225 | D:1      | Learned a level 2 spell: Wereblood
  1949 | D:3      | Reached XP level 3. HP: 24/35 MP: 7/7
  1953 | D:3      | Learned a level 3 spell: Spider Form
  2067 | D:3      | Reached skill level 3 in Spellcasting
  2662 | D:2      | Killed Terence
  2663 | D:2      | Reached XP level 4. HP: 21/42 MP: 8/8
  3474 | D:3      | HP: 1/42 [kobold/+0 dagger (3)]
  3481 | D:3      | Killed from afar by an orc wizard

Illustrated notes

Levels and vault maps discovered:
D:1:      lightli_arrival_farm, layout_loops_ring
D:2:      layout_loops_cross, uniq_terence
D:3:      layout_rooms
D:4:      layout_loops_ring, temple_hall

Skill      XL: |  1  2  3 |
---------------+----------+-----
Transmutations | 2 |  2.8
Dodging        | 2 |  2.2
Fighting       | 2 |  2.3
Spellcasting   | 3 |  3.3
Unarmed Combat | |  2.6
Poison Magic   | |  0.6

Action                   |  1- 3 |  4- 6 || total
-------------------------+-------+-------++-------
Melee: Unarmed           |    43 |       ||    43
       Kick              |    13 |       ||    13
       Short sword       |    25 |    28 ||    53
       Headbutt          |     2 |       ||     2
       Punch             |       |     2 ||     2
 Cast: Beastly Appendage |    18 |       ||    18
Armor: Robe              |    22 |    10 ||    32
Dodge: Dodged            |    37 |    13 ||    50
